Map: Tritão LE

Players

OVERDRAY

  • Race: Protoss Protoss
  • League: Diamond
  • Spawn Location: 5:00

LowLinK - Winner!

  • Race: Protoss Protoss
  • League: Diamond
  • Spawn Location: 11:00

VOD

Have the link to the VOD?

Description

Time

  • Played on: Feb. 18, 2020, 8:36 p.m.
  • Length: 5:45
Show
View Real Time Build Order
Export as new Build Order

OVERDRAY Protoss 

Build Orders:  

Get SALT Encoding   

  12  0:11  Pylon  
  12  0:13  Probe  
  13  0:30  Gateway  
  13  0:31  Probe (Chrono Boost)  
  14  0:41  Probe (Chrono Boost)  
  15  0:46  Probe (Chrono Boost)  
  16  0:55  Forge  
  16  0:57  Probe  
  17  1:15  Probe  
  17  1:18  Cybernetics Core  
  18  1:23  Gateway  
  18  1:27  Probe  
  18  1:30  Assimilator  
  19  1:39  Probe  
  20  1:51  Probe  
  21  1:58  Assimilator  
  21  2:03  Probe  
  22  2:17  Probe  
  22  2:18  Pylon  
  23  2:36  Probe  
  24  2:37  Pylon  
  24  2:52  Warp Gate (Chrono Boost)  
  24  2:55  Pylon  
  24  2:56  Adept x2  
  27  3:28  Adept x2  
  31  3:35  Gateway  
  31  3:38  Gateway  
  31  3:42  Nexus  
  31  3:48  Pylon  
  31  3:57  Pylon  
  31  3:58  Adept x2  
  35  4:12  Probe  
  36  4:24  Probe  
  29  4:33  Stalker  
  29  4:36  Probe  
  29  4:37  Pylon  
  29  4:38  Stalker  
  34  4:39  Stalker  
  32  4:51  Pylon  
  32  4:52  Pylon  
  32  4:56  Stalker  
  34  5:03  Twilight Council  
  34  5:07  Photon Cannon  
  34  5:13  Twilight Council  
  34  5:17  Stalker  
  36  5:24  Stalker  
Show
View Real Time Build Order
Export as new Build Order

LowLinK Protoss - Winner!

Build Orders:  

Get SALT Encoding   

  12  0:01  Probe  
  13  0:13  Probe  
  14  0:17  Pylon  
  14  0:25  Probe  
  15  0:36  Gateway  
  15  0:37  Probe (Chrono Boost)  
  16  0:46  Assimilator  
  16  0:48  Probe (Chrono Boost)  
  17  0:53  Probe (Chrono Boost)  
  17  0:56  Assimilator  
  18  1:03  Probe  
  19  1:15  Probe  
  19  1:17  Pylon  
  20  1:22  Cybernetics Core  
  20  1:30  Probe  
  21  1:42  Probe  
  22  1:53  Warp Gate (Chrono Boost)  
  22  1:54  Probe  
  23  2:06  Probe  
  24  2:11  Pylon  
  24  2:15  Gateway  
  24  2:17  Gateway  
  24  2:19  Gateway  
  24  2:27  Stalker  
  26  2:33  Gateway  
  26  2:57  Stalker (Chrono Boost)  
  27  3:29  Stalker x2  
  27  3:30  Stalker x3  
  37  3:42  Pylon  
  37  3:47  Pylon  
  37  3:53  Stalker  
  39  4:02  Stalker x2  
  43  4:03  Stalker  
  43  4:05  Sentry  
  43  4:49  Stalker x4  
  43  4:50  Stalker  
  53  4:56  Pylon  
  53  5:12  Stalker  
  55  5:15  Stalker x2  
Tags
 
Add a new tag
Caveats
  • Supply blocks, unpowered buildings, or Contaminate may cause inaccurate times.
  • Supply counts are checked every 10 seconds.